Description

Very defensive + solid playstyle Viable for beginners but can also be viable all the way up to the pro level.

Gives you tons of control & map presence in the mid-game allowing you to harass/scout/place pressure on the opponent. This is one of my most recommended builds for beginners as it removes mutalisk from the pvz equation. It is not only a beginner build though and can be quite effective even into the grand master level. With 8 phoenix quite early in the game muta are a terrible choice for your opponent. This helps minimize the options of your opponent which makes it much easier to map out your response tree.

VOD

https://www.youtube.com/watch?v=uL5uZTCwPcs

Replay - PvZ - 2 Stargate Phoenix

Build Order

Get SALT Encoding   

  12  0:00   Probe  
  13  0:13   Probe  
  14  0:18   Pylon  
  14  0:25   Probe  
  15  0:33   Probe  
  15  0:38   Gateway  
  15  0:41   Probe  
  16  0:47   Assimilator  
  17  0:54   Probe  
  18  1:06   Probe  
  19  1:18   Probe  
  19  1:24   Nexus  
  20  1:34   Cybernetics Core  
  20  1:37   Probe  
  21  1:43   Assimilator  
  21  1:50   Probe  
  21  1:53   Pylon  
  22  2:01   Adept  
  26  2:19   Stargate  
  27  2:23   Adept  
  27  2:28   Warp Gate  
  33  2:52   Adept  
  36  3:00   Pylon  
  43  3:23   Pylon  
  43  3:31   Phoenix  
  43  3:32   Gateway  
  49  3:47   Assimilator x2  
  51  3:59   Stargate  
  53  4:11   Pylon  
  53  4:15   Phoenix  
  58  4:35   Phoenix x2  
  58  4:37   Nexus  
  66  4:58   Phoenix x2  
  66  4:59   Shield Battery  
  74  5:23   Phoenix x2  
  78  5:30   Robotics Facility x2  
  80  5:41   Twilight Council  
  80  5:42   Forge  
  83  5:50   Assimilator x2  
  85  6:01   Sentry x2  
  91  6:15   Immortal x2  
  102  6:32   Protoss Ground Weapons Level 1  
  103  6:33   Charge  
  103  6:39   Gateway x2  
  103  6:48   Immortal x2  
  103  6:51   Sentry x2  
  115  7:10   Gateway x2  
  115  7:18   Photon Cannon  
  115  7:23   Photon Cannon  
  115  7:24   Warp Prism  
  115  7:26   Templar Archives, Observer  
  118  7:37   Nexus  
  118  7:42   Observer  
  119  7:52   Immortal x2  
  127  8:10   Gateway x3  
  127  8:18   Photon Cannon x2  
  127  8:24   Gateway  
  127  8:25   Photon Cannon x2  
  127  8:26   Psionic Storm  
  127  8:27   High Templar x6  
  127  8:32   Protoss Ground Weapons Level 2  
  127  8:33   Assimilator x2  
  139  8:35   Immortal x2  
  155  9:12   Immortal x2  
  155  9:16   Fleet Beacon  
  163  9:28   Shield Battery x2  
  163  9:31   High Templar x2  
  167  9:52   Carrier  
  175  9:54   Nexus  
Spawning Tool Build Advisor. Get it on Overwolf

Go to:

Details

  • Created by: hushang      
  • Published on: Jul 25, 2020
  • Modified on: Jul 25, 2020
  • Patch: 4.11.0
  • Difficulty: Medium
Show
View Real Time Build Order
Export as new Build Order

Comments (1)

On Jan. 9, 2021, 2:42 a.m., Maxgy  said:

2021 and still my fav PvZ build

Create an account to comment!